AoeStats
← eduardo.mora.glez

Hideout

507093388Analyzed
1v1 RM · 17d ago on Sep 16, 2026· 34m 53s· 2 players
Game mode
Random Map
Map size
Tiny (2 player)
Population
200
Speed
Normal
Resources
Standard
Victory
Conquest
Starting age
Dark Age
Ending age
Imperial Age
RankedLock teamsTeams togetherTeam positionsShared explorationLock speedFull tech treeHidden civsTurbo modeCheats
Victory
Defeat
🇲🇽 Vietnamese · Mexico
359
+5
🇪🇸 Turks · Spain
47
-5
eduardo.mora.glez
1:04 Loom
15:12 Feudal Age
15:58 Town Watch
16:50 Wheelbarrow
18:19 Double-Bit Axe
alfaasesores2000
0:45 Loom
11:06 Feudal Age
11:35 Double-Bit Axe
12:09 Horse Collar
14:59 Wheelbarrow
14:43 Fletching
15:48 Forging
15:57 Gold Mining
17:19 Bloodlines
22:10 Castle Age
20:41 Stone Mining
22:24 Light Cavalry
23:06 Husbandry
23:45 Bow Saw
23:38 Husbandry
26:58 Hand Cart
26:36 Town Watch
28:04 Town Patrol
28:15 Scale Barding Armor
28:46 Iron Casting
31:34 Chain Barding Armor
Connection lost

Rejoining the realm…

Still unreachable

The connection could not be restored.

Session expired

The server has moved on; the page needs a fresh start.